 Dungeon Crawl Stone Soup version 0.27-a0-3-gcf006a40f5 (webtiles) character file.

Game seed: 4842302413280851138

3036 Dirian the Slicer (level 9, -5/79 HPs)
             Began as a Minotaur Monk on Jan 1, 2021.
             Was a Priest of Dithmenos.
             Splashed by Erica's acid (13 damage)
             ... on level 8 of the Dungeon.
             The game lasted 00:15:43 (7318 turns).

Dirian the Slicer (Minotaur Monk)                   Turns: 7318, Time: 00:15:43

Health: -5/79      AC:  8    Str: 17    XL:     9   Next: 56%
Magic:  11/11      EV: 14    Int:  7    God:    Dithmenos [***...]
Gold:   254        SH: 11    Dex: 15    Spells: 8/8 levels left

rFire    . . .     SeeInvis .   a - +0 rapier (venom)
rCold    . . .     Faith    .   k - +1 kite shield
rNeg     . . .     Spirit   .   h - +0 leather armour
rPois    .         Reflect  .   o - +2 hat
rElec    .         Harm     .   g - +0 cloak
rCorr    .         Rampage  .   i - +0 pair of gloves
Will     .....                  y - +0 pair of boots
Stlth    +++.......             C - amulet of regeneration
HPRegen  0.63/turn              (no ring)
MPRegen  0.12/turn              (no ring)

@: lethally poisoned (-5 -> -10), slowed, wreathed by umbra, very slow
A: retaliatory headbutt, horns 2
a: Renounce Religion, Shadow Step


You were on level 8 of the Dungeon.
You worshipped Dithmenos.
Dithmenos was most pleased with you.
You visited 1 branch of the dungeon, and saw 8 of its levels.

You collected 434 gold pieces.
You spent 180 gold pieces at shops.

Inventory:

Hand Weapons
 a - a +0 rapier of venom (weapon)
 b - a +0 dagger
Armour
 g - a +0 cloak (worn)
 h - a +0 leather armour (worn)
 i - a +0 pair of gloves (worn)
 k - a +1 kite shield (worn)
 o - a +2 hat (worn)
 y - a +0 pair of boots (worn)
Jewellery
 C - an amulet of regeneration (around neck)
 E - a cursed ring of teleportation {unknown}
 F - an uncursed ring of flight {unknown}
Wands
 c - a wand of polymorph (12)
 e - a wand of disintegration (11)
Scrolls
 m - 2 scrolls of fog
 q - 2 scrolls of fear
 r - a scroll of identify
 t - 6 scrolls of teleportation
 x - 10 scrolls of remove curse
 z - 2 scrolls of blinking
 D - a scroll of enchant armour
Potions
 d - a potion of might
 f - 3 potions of curing
 j - a potion of cancellation {unknown}
 l - a potion of invisibility
 n - 2 potions of resistance
 p - 2 potions of magic
 s - 4 potions of haste {unknown}
 u - a potion of degeneration {unknown}
 v - a potion of lignification {unknown}
 w - 3 potions of heal wounds
 A - 2 potions of berserk rage
 B - a potion of flight {unknown}


   Skills:
 + Level 7.2 Fighting
 + Level 8.9 Short Blades
 + Level 3.1 Armour
 + Level 6.8 Dodging
 + Level 4.2 Stealth
 - Level 5.0 Shields
 * Level 4.2 Invocations


You had 8 spell levels left.
You didn't know any spells.
Your spell library contained the following spells:

 Spells                   Type           Power        Failure   Level
 Animate Skeleton         Necr           0%           90%         1
 Apportation              Tloc           0%           90%         1
 Corona                   Hex            0%           90%         1
 Summon Small Mammal      Summ           0%           90%         1
 Call Imp                 Summ           0%           97%         2
 Ensorcelled Hibernation  Hex/Ice        0%           97%         2
 Call Canine Familiar     Summ           0%           99%         3
 Confusing Touch          Hex            0%           99%         3
 Dazzling Flash           Conj/Hex       0%           99%         3
 Summon Guardian Golem    Hex/Summ       0%           99%         3
 Tukima's Dance           Hex            0%           99%         3
 Summon Ice Beast         Ice/Summ       0%           100%        4
 Summon Lightning Spire   Summ/Air       0%           100%        4


Dungeon Overview and Level Annotations

Branches:
Dungeon (8/15)             Temple (0/1) D:5
   Lair: D:8-11

Altars:
Ashenzari
Dithmenos
Gozag
Okawaru
Ru
Vehumet
Zin
The Shining One

Shops:
D:6 ![?(   D:8 (

Annotations:
D:8 Erica


Innate Abilities, Weirdness & Mutations

You reflexively headbutt those who attack you in melee.
You have a pair of horns on your head.


Message History

You feel much better.
You feel sick.
You hear some strange, mumbled words.
A bolt of poison appears from out of thin air!
The bolt of poison hits you!!
You are more poisoned.
* * * LOW HITPOINT WARNING * * *
Something hits you.
* * * LOW HITPOINT WARNING * * *
Something shocks you.
* * * LOW HITPOINT WARNING * * *
You block something's attack.
You feel much better.
You feel sick. Something hits you! Something burns you.
Something hits you but does no damage.
You barely miss something.
You feel sick.
You hear a zap.
A bolt of acid appears from out of thin air!
The bolt of acid hits you!!
* * * LOW HITPOINT WARNING * * *
You are splashed with acid!
You die...

#######.#############
#.......# #####
#.####..# .##.... #.#
#..# ....... # #.#
#..# ....... #.#.##
#..# # .......
#....###..#.##
+###### #
####.........#
....##.∩@#.#.#.#
....>...{{..._..#
.###.####...#.###
#....?>.......
#####.#.##.#.# #. .#
.# #. .# . #. .. . ##
##


There were no monsters in sight!

Vanquished Creatures
  A hornet (D:8)
  Sigmund (D:3)
  A wyvern (D:8)
  Menkaure (D:7)
  2 water moccasins
  A sky beast (D:7)
  An ice beast (D:6)
  A black bear (D:6)
  2 orc warriors
  3 centaurs
  A bullfrog (D:8)
  3 scorpions
  A wight (D:6)
  3 howler monkeys
  A jelly (D:6)
  4 bullfrog zombies
  2 hounds
  7 orc priests
  Natasha (thrice) (D:2)
  A bullfrog skeleton (D:7)
  5 iguanas
  2 centaur skeletons
  2 orc wizards
  3 worker ants
  A hound zombie (D:5)
  6 gnolls (D:3)
  3 adders
  4 shadow imps
  An ufetubus (D:7)
  2 oozes
  An adder skeleton (D:4)
  6 worms
  3 dart slugs
  8 leopard geckos
  16 orcs
  6 bats
  3 giant cockroaches
  12 goblins
  8 hobgoblins
  10 jackals
  2 quokkas
  3 frilled lizards
  A jackal zombie (D:6)
  4 kobolds
  7 rats
159 creatures vanquished.

Notes
Turn   | Place    | Note
-------+----------+-------------------------------------------
     0 | D:1      | Dirian the Minotaur Monk began the quest for the Orb.
     0 | D:1      | Reached XP level 1. HP: 19/19 MP: 0/0
    45 | D:1      | Reached XP level 2. HP: 22/27 MP: 1/1
   698 | D:2      | Noticed Natasha
   709 | D:2      | Noticed a crimson imp
   710 | D:2      | Noticed a crimson imp
   836 | D:2      | Killed Natasha
   837 | D:2      | Reached skill level 4 in Short Blades
   837 | D:2      | Reached XP level 3. HP: 34/34 MP: 2/2
  1232 | D:2      | Reached XP level 4. HP: 34/41 MP: 3/3
  1808 | D:2      | Noticed Natasha
  1816 | D:2      | Killed Natasha
  1853 | D:2      | Noticed Natasha
  1906 | D:2      | Killed Natasha
  1907 | D:2      | Reached XP level 5. HP: 33/47 MP: 4/4
  2294 | D:2      | Found an opulent altar of Gozag.
  2486 | D:3      | Noticed Sigmund
  2612 | D:3      | Killed Sigmund
  2613 | D:3      | Reached skill level 5 in Fighting
  2613 | D:3      | Reached skill level 5 in Short Blades
  2613 | D:3      | Reached skill level 5 in Dodging
  2613 | D:3      | Reached skill level 1 in Shields
  2613 | D:3      | Reached XP level 6. HP: 45/56 MP: 5/5
  3204 | D:3      | Found a faded altar of an unknown god.
  3426 | D:3      | Reached XP level 7. HP: 31/61 MP: 6/6
  4503 | D:5      | Entered Level 5 of the Dungeon
  4562 | D:5      | Reached skill level 6 in Short Blades
  4725 | D:5      | Found a radiant altar of Vehumet.
  4854 | D:5      | Found a shadowy altar of Dithmenos.
  4855 | D:5      | Found a glowing golden altar of the Shining One.
  4922 | D:5      | Became a worshipper of Dithmenos the Shadowed
  4922 | D:5      | Reached * piety under Dithmenos
  4922 | D:5      | Reached ** piety under Dithmenos
  4956 | D:5      | Found a staircase to the Ecumenical Temple.
  5143 | D:5      | Reached XP level 8. HP: 65/70 MP: 7/7
  5431 | D:6      | Reached skill level 1 in Invocations
  5528 | D:6      | Found Owkomyis's Armour Shoppe.
  5552 | D:6      | Reached skill level 7 in Short Blades
  5621 | D:6      | Found Fetawair's Distillery.
  5635 | D:6      | Bought a potion of curing for 30 gold pieces
  5635 | D:6      | Bought a potion of berserk rage for 50 gold pieces
  5635 | D:6      | Bought a potion of heal wounds for 50 gold pieces
  5635 | D:6      | Bought a potion of heal wounds for 50 gold pieces
  5740 | D:6      | Found Qeemy's Weapon Emporium.
  5779 | D:6      | Reached skill level 1 in Armour
  6012 | D:6      | Found Loskois's Magic Scroll Shoppe.
  6183 | D:7      | Noticed Menkaure
  6197 | D:7      | Killed Menkaure
  6198 | D:7      | Reached XP level 9. HP: 76/78 MP: 10/10
  6222 | D:7      | Found a sacrificial altar of Ru.
  6273 | D:7      | Reached skill level 8 in Short Blades
  6278 | D:7      | Reached *** piety under Dithmenos
  7005 | D:5      | Found an iron altar of Okawaru.
  7126 | D:8      | Found a glowing silver altar of Zin.
  7142 | D:8      | Reached skill level 5 in Shields
  7296 | D:8      | Found Juasm's Weapon Shop.
  7298 | D:8      | Noticed Erica
  7301 | D:8      | Found a broken altar of Ashenzari.
  7318 | D:8      | Splashed by Erica's acid

Illustrated notes

Levels and vault maps discovered:
D:1:      minmay_arrival_four_circles, layout_rooms
D:2:      layout_basic, lemuel_coloured_pillars_altar,
          kennysheep_generic_room_3, uniq_natasha
D:3:      layout_loops_ring, chequers_ecumenical_altar_lobes, uniq_sigmund
D:4:      layout_loops_cross
D:5:      layout_basic, nicolae_overflow_hidden_temple,
          gammafunk_temple_overflow_statue, minmay_temple_entry_drinking_statues
D:6:      kennysheep_six_static_rooms, layout_cave_pools, serial_shops,
          nicolae_shop_statue_plus, shop, kennysheep_mini, shop_fountains
D:7:      layout_loops_ring, hangedman_ru_absence, lightli_corner_chamber,
          uniq_menkaure
D:8:      layout_basic, kennysheep_mini_moat, lemuel_round_altar,
          ashenzari_altar_1, serial_shops, nicolae_shop_stone,
          nicolae_shop_trees, uniq_erica, uniq_joseph

Skill      XL: |  1  2  3  4  5  6  7  8  9 |
---------------+----------------------------+-----
Fighting       | 4 5 6 7 |  7.2
Short Blades   | 4 5 6 7 8 |  8.9
Dodging        | 4 5 6 |  6.8
Stealth        | 2 3 4 |  4.2
Shields        | 1 2 3 4 5 |  5.0
Invocations    | 3 4 |  4.2
Armour         | 2 3 |  3.1

Action                   |  1- 3 |  4- 6 |  7- 9 || total
-------------------------+-------+-------+-------++-------
Melee: Short sword       |    68 |   146 |    29 ||   243
       Headbutt          |    19 |    31 |    65 ||   115
       Rapier            |       |       |   240 ||   240
       Dagger            |       |       |    24 ||    24
  Use: Scroll            |       |       |    18 ||    18
       Potion            |       |       |     2 ||     2
 Stab: Sleeping          |       |     3 |     6 ||     9
       Distracted        |       |       |     2 ||     2
Armor: Robe              |    11 |    14 |       ||    25
       Leather armour    |       |       |    48 ||    48
Dodge: Dodged            |    46 |    42 |   102 ||   190
Block: Kite shield       |       |    43 |   114 ||   157

Table legend: (Time is in decaauts)
 A = Elapsed time spent in this place.
 B = Non-inter-level travel time spent in this place.
 C = Inter-level travel time spent in this place.
 D = Time resting spent in this place.
 E = Time spent auto-exploring this place.
 F = Levels seen in this place.
 G = Mean time per level.
                   A        B        C        D        E       F      G
               +--------+--------+--------+--------+--------+-----+--------+
         Total |   7275 |   6826 |    449 |    219 |   5377 |   8 |  909.4 |
       Dungeon |   7275 |   6826 |    449 |    219 |   5377 |   8 |  909.4 |
               +--------+--------+--------+--------+--------+-----+--------+

Top non-repeatable levels by time:
     D:2: 1753 daAuts
     D:3: 1376 daAuts
     D:5: 928 daAuts
     D:6: 810 daAuts
     D:7: 802 daAuts
     D:1: 786 daAuts
     D:4: 570 daAuts
     D:8: 247 daAuts
